 Dungeon Crawl Stone Soup version 0.25-a0-730-g633e9c3 (webtiles) character file.

Game seed: 10126027139663710170, levelgen mode: deterministic

94 relicbr the Changer (level 4, -4/34 HPs)
             Began as a Demigod Transmuter on Apr 7, 2020.
             Slain by a worker ant (6 damage)
             ... on level 4 of the Dungeon.
             The game lasted 00:06:20 (2502 turns).

relicbr the Changer (Demigod Transmuter)            Turns: 2502, Time: 00:06:21

Health: -4/34      AC:  9    Str: 13    XL:     4   Next: 16%
Magic:  0/9        EV: 12    Int: 19    God:
Gold:   109        SH:  0    Dex: 16    Spells: 3/6 levels left

rFire    . . .     SeeInvis .     - Unarmed
rCold    . . .     Gourm    .   (no shield)
rNeg     . . .     Faith    .   b - +0 robe
rPois    .         Spirit   +   (no helmet)
rElec    .         Reflect  .   (no cloak)
rCorr    +         Harm     .   o - +0 pair of gloves
MR       .....                  (no boots)
Stlth    +.........             r - amulet of guardian spirit
HPRegen  0.11/turn              e - +6 ring of protection
MPRegen  0.11/turn              q - ring of resist corrosion

@: lethally poisoned (-4 -> -11), appendage (expiring)
A: horns 2, high mp 1
a: End Transformation


You were on level 4 of the Dungeon.
You were not hungry.
You had grown temporary horns.
You visited 1 branch of the dungeon, and saw 4 of its levels.

You collected 109 gold pieces.

Inventory:

Missiles
 a - 9 arrows
 g - 13 poisoned darts (quivered)
Armour
 b - a +0 robe (worn)
 k - a +0 kite shield
 o - a +0 pair of gloves (worn)
Jewellery
 e - a +6 ring of protection (left hand)
 q - a ring of resist corrosion (right hand)
 r - an amulet of guardian spirit (around neck)
Wands
 i - a wand of random effects (7)
 l - a wand of clouds (8)
Scrolls
 f - a scroll of identify
 h - 3 scrolls of remove curse
 j - 2 scrolls of immolation
Comestibles
 d - 8 rations
 m - 4 chunks of flesh


   Skills:
 - Level 0.8 Fighting
 - Level 1.7 Dodging
 - Level 2.6 Unarmed Combat
 - Level 1.7 Spellcasting
 * Level 4.3 Transmutations


You had 3 spell levels left.
You knew the following spells:

 Your Spells              Type           Power        Failure   Level  Hunger
a - Beastly Appendage     Tmut           ###...       3%          1    #......
b - Sticks to Snakes      Tmut           ###.....     4%          2    ###....

Your spell library contained the following spells:

 Spells                   Type           Power        Failure   Level  Hunger
 Spider Form              Tmut/Pois      #.........   22%         3    ###....
 Ice Form                 Ice/Tmut       #.......     56%         4    #####..
 Blade Hands              Tmut           ###.......   63%         5    ######.


Dungeon Overview and Level Annotations

Branches:
Dungeon (4/15)
 Temple: D:4-7


Innate Abilities, Weirdness & Mutations

You have an increased reservoir of magic. (+10% MP)
You have a pair of horns on your head.


Message History

Okay, then.
The worker ant bites you but does no damage.
The worker ant bites you.
* * * LOW HITPOINT WARNING * * *
As you read the scroll labeled ZEORHOYLOVOD, it crumbles to dust.
You feel strangely unstable.
It was a scroll of teleportation.
Your transformation is almost over.
The worker ant bites you.
* * * LOW HITPOINT WARNING * * *
You are lethally poisoned!
The worker ant poisons you!
You aren't carrying any potions.
* * * LOW HITPOINT WARNING * * *
You feel sick.
Your surroundings seem slightly different.
* * * LOW HITPOINT WARNING * * *
You feel sick.
* * * LOW HITPOINT WARNING * * *
You feel sick. The gnoll hits you but does no damage. The worker ant bites you.
You die...

*****,,***###*,,,..# *,>,,,**
,,,,,,,,,.#..#####.#### *****,,*
,,,,,,*,,.............# *****,,*
,,,,,,,,*.............####.,,,,,,
,,,,,,***#..#.............(***,,,
,,,,,,***.......<......####***,,,
,,,,,,,,,.##.##.w.$........,,,,,,
*******,,*,,,#.#ag....#####***,,,
*,*,**..##@.....# *,,,
*,**,###.:#....## ****
**,,*,,###.#...# **,,**,,##.#..#
**,,,,,,,.,..# **,,,,,,,,..#
**********##


You could see a worker ant, a gnoll and a dart slug.

Vanquished Creatures
  An adder (D:2)
  2 dart slugs (D:1)
  4 leopard geckos
  4 bats
  4 giant cockroaches
  A goblin (D:3)
  6 hobgoblins
  4 jackals (D:3)
  2 quokkas (D:3)
  4 frilled lizards
  3 kobolds
  6 rats
41 creatures vanquished.

Vanquished Creatures (collateral kills)
  A bullfrog skeleton (D:3)
  An adder (D:3)
  2 jackals (D:2)
4 creatures vanquished.

Grand Total: 45 creatures vanquished

Notes
Turn   | Place    | Note
-------+----------+-------------------------------------------
     0 | D:1      | relicbr the Demigod Transmuter began the quest for the Orb.
     0 | D:1      | Reached XP level 1. HP: 15/15 MP: 5/5
    26 | D:1      | Reached skill level 2 in Transmutations
   380 | D:1      | Reached XP level 2. HP: 19/22 MP: 7/7
   958 | D:1      | Reached skill level 3 in Transmutations
  1042 | D:1      | Learned a level 2 spell: Sticks to Snakes
  1241 | D:2      | Reached XP level 3. HP: 7/27 MP: 8/8
  1264 | D:2      | HP: 1/27 [poisoned by an adder]
  2226 | D:3      | Reached skill level 4 in Transmutations
  2226 | D:3      | Reached XP level 4. HP: 29/34 MP: 6/9
  2345 | D:3      | Found a blossoming altar of Fedhas.
  2474 | D:3      | Found a bloodstained altar of Trog.
  2502 | D:4      | Slain by a worker ant

Levels and vault maps discovered:
D:1:      tarquinn_simple_flora_water_f, layout_basic
D:2:      layout_basic, first_ration
D:3:      cheibrodos_greedy_goblins, layout_loops_corners, marbit_many_paths,
          bloody_trog
D:4:      minmay_evil_eye, layout_rooms, kennysheep_mini_moat,
          minmay_gold_behind_fungi, kennysheep_donut, corexii_shack,
          minmay_manual_mess, uniq_ijyb

Skill      XL: |  1  2  3 |
---------------+----------+-----
Transmutations | 2 3 4 |  4.3
Fighting       | |  0.8
Dodging        | |  1.7
Unarmed Combat | |  2.6
Spellcasting   | |  1.7

Action                   |  1- 3 |  4- 6 || total
-------------------------+-------+-------++-------
Melee: Unarmed           |   127 |    33 ||   160
       Kick              |    16 |     2 ||    18
       Punch             |     3 |       ||     3
       Headbutt          |     7 |     3 ||    10
 Cast: Beastly Appendage |    25 |     3 ||    28
       Sticks to Snakes  |     3 |       ||     3
  Use: Scroll            |     1 |     4 ||     5
  Eat: Chunk             |     5 |     1 ||     6
Armor: Robe              |    32 |    11 ||    43
Dodge: Dodged            |    95 |    37 ||   132

Table legend:
 A = Non-vault XP
 B = Vault XP
 C = Vault XP percentage of total XP
 D = Non-vault monster count
 E = Vault monster count
 F = Vault count percentage of total count
                 A         B        C        D         E       F
            +---------+---------+-------+---------+---------+-------
      Total |     133 |       2 |   1.5 |      44 |       1 |   2.2
            +---------+---------+-------+---------+---------+-------
        D:1 |      31 |       0 |   0.0 |      14 |       0 |   0.0
        D:2 |      37 |       0 |   0.0 |      17 |       0 |   0.0
        D:3 |      65 |       2 |   3.0 |      13 |       1 |   7.1
            +---------+---------+-------+---------+---------+-------
